[Event "*** Titled Tuesday Blitz"]
[Site "Chess.com"]
[Date "2020.04.14"]
[Round "1"]
[White "Tjktiger"]
[Black "Jbd735"]
[Result "1/2-1/2"]
[WhiteElo "2819"]
[BlackElo "2444"]
[TimeControl "180+1"]
[EndTime "10:07:28 PDT"]
[Termination "Game drawn by repetition"]

1. c4 c6 2. Nc3 d5 3. d4 e6 4. e4 dxe4 5. Nxe4 Bb4+ 6. Bd2 Qxd4 7. Bxb4 Qxe4+ 8. Be2 Na6 9. Ba5 b6 10. Qd6 Bd7 11. Bc3 Nf6 12. O-O-O O-O-O 13. Qa3 Kb7 14. Qe7 Nc5 15. Qxf7 Qxg2 16. Bf3 Qxf2 17. Qxg7 Nfe4 18.
Bxe4 Qe3+ 19. Rd2 Nxe4 20. Qd4 Qxd4 21. Rxd4 Nf2 22. Rd2 Rhf8 23. Rxf2 Rxf2 24. Nh3 Rg2 25. Nf4 Rg4 26. Nd3 Rxc4 27. Ne5 Rc5 28. Rg1 b5 29. Rg7 Kc8 30. Kb1 b4 31. Nd3 Rh5 32. Bxb4 Be8 33. Nf4 Rxh2 34. a3 Bd7 35. Nd3 Be8 36. Nc5 Rh5 37.
Rxa7 Rxc5 38. Bxc5 h5 39. Ra8+ Kd7 40. Ra7+ Kc8 41.
Ra8+ Kd7 42. Ra7+ Kc8 1/2-1/2

[Event "*** Titled Tuesday Blitz"]
[Site "Chess.com"]
[Date "2020.04.14"]
[Round "1"]
[White "Alopekos"]
[Black "LittlePeasant"]
[Result "0-1"]
[WhiteElo "2434"]
[BlackElo "2826"]
[TimeControl "180+1"]
[EndTime "10:07:28 PDT"]
[Termination "LittlePeasant won on time"]

1. e4 c5 2. Nc3 a6 3. Nf3 b5 4.
d4 cxd4 5. Nxd4 Bb7 6. Bd3 e5 7. Nf5 g6 8. Ne3 Bc5 9. Ned5 d6 10. O-O Nd7 11. Qf3 b4 12. Na4 h6 13. Nxc5 Nxc5 14. Bc4 Bxd5 15. Bxd5 Ra7 16. a3 bxa3 17. b4 Ne6 18. Bc6+ Kf8 19. c3 Kg7 20. Be3 Re7 21. Rxa3 Qc8 22. Bd5 Nf6 23. Rfa1 Nc7 24. Bc4 Qb7 25.
Bd3 d5 26. Qe2 dxe4 27. Bxa6 Nxa6 28. Rxa6 Nd5 29. Ra7 Qc6 30. Rxe7 Nxe7 31. Bc5 Nf5 32. Re1 e3 33. fxe3 Qe4 34. Qf3 Qc4 35. Rf1 e4 36. Qf4 h5 37. Qe5+ Kh7 38. Qf4 Rd8 39. Bd4 Re8 40. h3 Qe2 41. Kh2 h4 42. Rf2 Qh5 43. Qg4 Qxg4 44. hxg4 Nh6 45. Rf4 g5 0-1

[Event "*** Titled Tuesday Blitz"]
[Site "Chess.com"]
[Date "2020.04.14"]
[Round "1"]
[White "AshotParvanyan"]
[Black "HanSchut"]
[Result "1-0"]
[WhiteElo "2589"]
[BlackElo "2214"]
[TimeControl "180+1"]
[EndTime "10:07:28 PDT"]
[Termination "AshotParvanyan won on time"]

1. Nf3 c5 2. c4 Nf6 3. d4 cxd4 4. Nxd4 Nc6 5. Nc3 d5 6. Nxc6 bxc6 7. e3 e6 8. Be2 Be7 9. O-O O-O 10. b3 Rb8 11. Bb2 c5 12. Qc2 d4 13. exd4 cxd4 14. Rad1 e5 15. Bf3 Qa5 16. Na4 Bd7 17. Bc1 Bxa4 18.
bxa4 Rb4 19. Bd2 Qxa4 20. Qf5 Rxc4 21. Qxe5 Re8 22. Bg5 h6 23. Bf4 Bb4 24. Qf5 Rc5 25. Qb1 Bc3 26. Bd6 Rcc8 27. Qd3 Qxa2 28. h3 Qc4 29.
Qf5 Re6 30. Bf4 Rce8 31. Qb1 a5 32. Qb7 Re1 33. Rfxe1 Rxe1+ 34. Rxe1 Bxe1 35. Qa8+ Kh7 36. Be5 Qc1 37. Bxf6 1-0

[Event "*** Titled Tuesday Blitz"]
[Site "Chess.com"]
[Date "2020.04.14"]
[Round "1"]
[White "Nbk90"]
[Black "BelaKis"]
[Result "1-0"]
[WhiteElo "2535"]
[BlackElo "2084"]
[TimeControl "180+1"]
[EndTime "10:07:28 PDT"]
[Termination "Nbk90 won on time"]

1. e4 e5 2. Nf3 Nc6 3. Bb5 a6 4. Ba4 Nf6 5. d3 b5 6. Bb3 Be7 7. a3 O-O 8. Nc3 d6 9. h3 Be6 10. Nd5 Nd4 11. Nxd4 exd4 12. Nxf6+ Bxf6 13. Bxe6 fxe6 14. O-O e5 15. Bd2 Bg5 16. a4 Bf4 17. Ba5 Qd7 18.
Qg4 Qf7 19. c3 dxc3 20. Bxc3 c5 21. g3 h5 22. Qf5 Qxf5 23. exf5 Bg5 24. b4 cxb4 25.
Bxb4 Be7 26. axb5 axb5 27. g4 hxg4 28. hxg4 Rfc8 29. Rxa8 Rxa8 30. Rb1 Kf8 31. Kg2 Rb8 32. Kf3 d5 33. Bxe7+ Kxe7 34. d4 e4+ 35. Kf4 Kd6 36. g5 b4 37. g6 b3 38. Kg5 1-0

[Event "*** Titled Tuesday Blitz"]
[Site "Chess.com"]
[Date "2020.04.14"]
[Round "1"]
[White "Hikaru"]
[Black "djogrodek1"]
[Result "1-0"]
[WhiteElo "3257"]
[BlackElo "2507"]
[TimeControl "180+1"]
[EndTime "10:07:29 PDT"]
[Termination "Hikaru won on time"]

1. b3 e5 2. Bb2 Nc6 3. e3 Nf6 4. Bb5 e4 5. f3 a6 6. Bxc6 dxc6 7. Nc3 Bf5 8. fxe4 Nxe4 9. Nf3 Bd6 10. O-O O-O 11.
Nxe4 Bxe4 12. d3 Bg6 13. e4 Qe7 14. Kh1 Rad8 15. Qe1 Ba3 16. Bxa3 Qxa3 17. Nh4 Rfe8 18. Qc3 c5 19. h3 b6 20. Rf3 Qb4 21. Qxb4 cxb4 22. Kg1 Re6 23. g4 Rc6 24. Rf2 a5 25. Ng2 f6 26. Ne3 Bf7 27. Raf1 h6 28. Kg2 Re8 29.
Kg3 Re5 30. h4 Kf8 31. Nf5 Rec5 32. Ne3 Re5 33. Rf5 Rxf5 34. gxf5 Rd6 35. Kf4 Rd8 36. Ng2 c5 37. Ke3 a4 38. Nf4 axb3 39. axb3 Ra8 40. h5 Ke7 41. Rg1 Kf8 42. Rd1 Ra2 43. Rc1 Ke7 44.
d4 Kd6 45. d5 Ke7 46. Kd3 b5 47. Rg1 c4+ 48. bxc4 bxc4+ 49. Kxc4 Rxc2+ 50. Kxb4 Rf2 51. Ne6 Re2 52. Nc5 Bxh5 53. Rxg7+ Kd6 54. Nb7+ Ke5 55. Re7+ Kd4 56. d6 Bf3 57. d7 1-0

[Event "*** Titled Tuesday Blitz"]
[Site "Chess.com"]
[Date "2020.04.14"]
[Round "1"]
[White "Lion-Al-Messi"]
[Black "vladislavkovalev"]
[Result "0-1"]
[WhiteElo "2469"]
[BlackElo "2873"]
[TimeControl "180+1"]
[EndTime "10:07:29 PDT"]
[Termination "vladislavkovalev won on time"]

1. d4 Nf6 2. Nf3 e6 3. Nc3 d5 4. Bg5 Bb4 5. Qd3 c5 6. a3 Qa5 7. Bxf6 gxf6 8. O-O-O Bxc3 9. Qxc3 Qxc3 10. bxc3 cxd4 11.
cxd4 Nc6 12. e3 Na5 13. Bd3 Bd7 14. Kd2 Rc8 15. Rb1 Ke7 16. Rb4 b6 17. Rhb1 Rc7 18.
h4 h6 19. g3 Kd6 20. Ng1 e5 21. f4 e4 22. Bf1 Rg8 23. c4 Rxg3 24. Ne2 Rf3 25.
Nc3 Rxf1 26. Rxf1 Nxc4+ 27. Ke2 Nxe3 28. Nxe4+ dxe4 29. Kxe3 Rc3+ 30. Kd2 Rxa3 31. Re1 Rd3+ 32. Kc2 Bf5 33. Rb5 Ke6 34. Ra1 e3 35. Kb2 Rd2+ 36. Kb3 e2 37. Re1 Bd3 38. Kc3 Rd1 0-1

[Event "*** Titled Tuesday Blitz"]
[Site "Chess.com"]
[Date "2020.04.14"]
[Round "1"]
[White "Nafania1"]
[Black "donotreadit"]
[Result "0-1"]
[WhiteElo "2377"]
[BlackElo "2729"]
[TimeControl "180+1"]
[EndTime "10:07:29 PDT"]
[Termination "donotreadit won by resignation"]

1. e4 c5 2. Nf3 e6 3. g3 Nc6 4. Bg2 Nf6 5. Qe2 e5 6. O-O Be7 7. c3 O-O 8. d3 d6 9. a3 b5 10.
a4 b4 11. Nbd2 bxc3 12. bxc3 Rb8 13. Nc4 Ba6 14. Bg5 Bxc4 15. dxc4 Nd7 16. Bxe7 Qxe7 17. Rfb1 Rxb1+ 18. Rxb1 Rb8 19. Rxb8+ Ndxb8 20. Qb2 Qc7 21. Nd2 Nd7 22. Qb5 Qb6 23. Bh3 a6 24. Qb3 Qxb3 25.
Nxb3 Nb6 26. a5 Nxc4 27. Bc8 N6xa5 28. Nxa5 Nxa5 29. Bxa6 Nc6 30. Bc4 Kf8 31. f4 f6 32.
Kf2 Ke7 33. h4 Kd8 34. Bg8 h6 35. Kf3 Ne7 36. Be6 Kc7 37. g4 exf4 38. Kxf4 g5+ 39. hxg5 hxg5+ 40. Ke3 Ng6 41. Kd2 Kb6 42. Kc2 Ne5 43.
Kb3 Kb5 44. c4+ Ka5 45. Ka3 Nf3 46. Bd5 Nd2 47. Kb2 Kb4 48. Kc2 Nxc4 0-1

[Event "*** Titled Tuesday Blitz"]
[Site "Chess.com"]
[Date "2020.04.14"]
[Round "1"]
[White "ssrija97"]
[Black "crywolf1986"]
[Result "0-1"]
[WhiteElo "2220"]
[BlackElo "2597"]
[TimeControl "180+1"]
[EndTime "10:07:29 PDT"]
[Termination "crywolf1986 won on time"]

1. e4 c6 2. d4 d5 3. e5 Bf5 4. Nf3 e6 5. Be2 Nd7 6. O-O Ne7 7. a4 Bg6 8. a5 Nf5 9. Nbd2 Be7 10. Nb3 O-O 11.
g4 Nh4 12. Nxh4 Bxh4 13. f4 Be4 14. g5 f6 15. Bg4 Qe7 16. gxf6 gxf6 17. Be3 f5 18.
Bf3 Kh8 19. Kh1 Qg7 20. Rg1 Qh6 21. Bxe4 dxe4 22. c4 Rg8 23. Qe2 Be7 24. d5 Rxg1+ 25. Rxg1 Rg8 26. d6 Bd8 27. Rxg8+ Kxg8 28. Qg2+ Kf7 29.
Nd4 Nf8 30. Ne2 Ng6 31. Bxa7 Nh4 32. Qf2 Nf3 33. Bb6 Bh4 34. Qg2 Nd2 35. d7 Qf8 36. d8=Q Bxd8 37. Qh3 Bxb6 38. Qxh7+ Qg7 39. Qxg7+ Kxg7 40. axb6 Nxc4 41. Nd4 Kf7 42. Nxc6 e3 0-1

[Event "*** Titled Tuesday Blitz"]
[Site "Chess.com"]
[Date "2020.04.14"]
[Round "1"]
[White "Perecke"]
[Black "Aemulus20"]
[Result "0-1"]
[WhiteElo "2203"]
[BlackElo "2581"]
[TimeControl "180+1"]
[EndTime "10:07:29 PDT"]
[Termination "Aemulus20 won on time"]

1. e4 c5 2. Nf3 d6 3. d4 cxd4 4. Nxd4 Nf6 5. Nc3 a6 6. h3 e5 7.
Nde2 h5 8. g3 Be6 9. Bg2 Nbd7 10. Be3 Rc8 11. O-O Be7 12. f4 Qc7 13. Rc1 Nb6 14. f5 Bd7 15. Nd5 Nfxd5 16. exd5 Nc4 17. Bf2 Nxb2 18. Qe1 Bg5 19. Rb1 Nc4 20. h4 Bd2 21. Qd1 Be3 22. Qd3 Bxf2+ 23. Rxf2 b5 24. f6 g6 25. Be4 Qc5 26. Bxg6 fxg6 27. Qxg6+ Kd8 28. f7 Kc7 29. a4 Ne3 30. axb5 Ng4 31. b6+ Kb7 32.
Rf1 Nxf2 33. Rxf2 Rhf8 34. Qxh5 Qxd5 35. g4 Bc6 36. Ng3 Qd1+ 37. Kh2 Rh8 38. Qg5 Qd4 39.
h5 Qxf2+ 0-1

[Event "*** Titled Tuesday Blitz"]
[Site "Chess.com"]
[Date "2020.04.14"]
[Round "1"]
[White "lilleper1"]
[Black "cancrushyou"]
[Result "1-0"]
[WhiteElo "2800"]
[BlackElo "2420"]
[TimeControl "180+1"]
[EndTime "10:07:30 PDT"]
[Termination "lilleper1 won on time"]

1. d4 Nf6 2. c4 e6 3. Nf3 d5 4.
g3 Be7 5. Bg2 O-O 6. Nc3 dxc4 7.
Ne5 Qd6 8. O-O Rd8 9. Nb5 Qb6 10. a4 Nd5 11. Nxc4 Qc6 12. Ne5 Qb6 13. e4 Nf6 14.
Be3 c6 15. d5 Qa5 16. b4 Bxb4 17. Nc4 Qa6 18. Nc7 Qxc4 19. Nxa8 cxd5 20. Bxa7 Nc6 21. Nb6 Qa6 22. Nxc8 Rxc8 23. Be3 d4 24. Bg5 Nd7 25.
Qb3 Nc5 26. Qb2 e5 27. Rac1 h6 28. Bd2 Bxd2 29. Qxd2 Nxa4 30. Ra1 Qb5 31. Rfb1 Qc4 32. Bf1 d3 33. Bxd3 Qd4 34. Qe3 Nc3 35. Rc1 Qxe3 36. fxe3 Nb4 37. Bf1 1-0

[Event "*** Titled Tuesday Blitz"]
[Site "Chess.com"]
[Date "2020.04.14"]
[Round "1"]
[White "RuperezA"]
[Black "starworld123"]
[Result "0-1"]
[WhiteElo "2233"]
[BlackElo "2603"]
[TimeControl "180+1"]
[EndTime "10:07:30 PDT"]
[Termination "starworld123 won by resignation"]

1. e4 c5 2. Nf3 d6 3. Bb5+ Nd7 4.
O-O Nf6 5. Re1 a6 6. Bd3 b6 7.
c3 Ne5 8. Bc2 Bg4 9. d4 Nxf3+ 10. gxf3 Bh5 11. Qd3 e5 12. dxe5 dxe5 13. Qxd8+ Rxd8 14. f4 exf4 15. Bxf4 Be7 16. Bc7 Rc8 17. Bxb6 Rb8 18.
Ba5 Rxb2 19. Na3 O-O 20. Reb1 Rfb8 21. Nc4 Rxb1+ 22. Rxb1 Rxb1+ 23. Bxb1 Be2 24. Ne3 Bf3 25. Bd3 Nxe4 26. Bxa6 Bh4 27. Nf5 Bxf2+ 28. Kf1 g6 29. Bb7 Nd2+ 30. Kxf2 Bxb7 31. Nd6 Bd5 32. a3 Nb1 33. Bb6 c4 34. a4 Nxc3 35. a5 Na4 36. Bd4 c3 37. Nb5 c2 38. Be3 Nb2 39. Ke2 Bc4+ 40. Kd2 Bxb5 41. Kxc2 Nc4 42. Bd4 Nxa5 43. Kd2 Nc6 44. Ke3 Nxd4 45. Kxd4 Bd7 0-1

[Event "*** Titled Tuesday Blitz"]
[Site "Chess.com"]
[Date "2020.04.14"]
[Round "1"]
[White "PotapovaM"]
[Black "BlackWidow515"]
[Result "1-0"]
[WhiteElo "2522"]
[BlackElo "1963"]
[TimeControl "180+1"]
[EndTime "10:07:30 PDT"]
[Termination "PotapovaM won on time"]

1. d4 d5 2. c4 e6 3. Nc3 Nf6 4. Nf3 Be7 5. Bf4 O-O 6. e3 b6 7. cxd5 exd5 8. Ne5 Bb7 9. Bd3 Nbd7 10. O-O c5 11. Qf3 Re8 12. Qh3 Nf8 13. Bb5 Bc8 14.
Qf3 Bd7 15. Nxd7 N8xd7 16. Nxd5 Nxd5 17. Qxd5 Nf6 18. Qxd8 Rexd8 19. Bc6 Rac8 20. Bb7 cxd4 21. Bxc8 Rxc8 22. exd4 Nd5 23. Be5 f6 24. Bg3 Bb4 25.
Rac1 Rd8 26. a3 Bd2 27. Rc2 Bg5 28. Re1 Kf7 29. h3 h5 30. h4 Bh6 31. Rc6 Rd7 32.
Rd6 Rxd6 33. Bxd6 Bd2 34. Re2 Bh6 35. g3 g6 36. Kg2 Bg7 37. b4 b5 38. Bc5 a6 39. a4 f5 40. axb5 axb5 41. Ra2 Bf6 42.
Ra5 Nc3 43. d5 Bd8 44. Ra7+ Ke8 45. d6 Nd5 46. d7+ Kf7 47. Ra8 1-0

[Event "*** Titled Tuesday Blitz"]
[Site "Chess.com"]
[Date "2020.04.14"]
[Round "1"]
[White "guillembaches"]
[Black "Durarbayli"]
[Result "1/2-1/2"]
[WhiteElo "2454"]
[BlackElo "2832"]
[TimeControl "180+1"]
[EndTime "10:07:31 PDT"]
[Termination "Game drawn by agreement"]

1. e4 c5 2. Nf3 d6 3. d4 cxd4 4. Nxd4 Nf6 5. Nc3 Nc6 6. Be2 e5 7. Nf3 Be7 8. Bg5 Be6 9. O-O O-O 10. Bxf6 Bxf6 11. Nd5 Be7 12. Bc4 Rc8 13. Bb3 Qd7 14.
Qe2 Bd8 15. Rad1 Kh8 16. Rd2 f5 17. exf5 Bxf5 18. Ne3 Be4 19. c3 Bxf3 20. gxf3 Ne7 21. Rfd1 Bc7 22. Nd5 Ng6 23. Kh1 Qh3 24. Rg1 Bd8 25.
Rg3 Qh5 26. f4 Qxe2 27. Rxe2 Nxf4 28. Nxf4 Rxf4 29. Rd3 Be7 30. Bd5 b6 31. f3 g6 32.
Re4 Rf6 33. Kg2 Kg7 34. Ra4 Rc7 35. Rc4 Rxc4 36. Bxc4 Rf4 37. Bd5 Rh4 38. h3 Rf4 39.
Re3 Rf5 40. Re4 a5 41. Rc4 Bd8 42. Rc8 Rf8 43. Rc6 Rf6 44. Rc8 Rf8 45. Rc6 Rf6 46. Rc8 1/2-1/2

[Event "*** Titled Tuesday Blitz"]
[Site "Chess.com"]
[Date "2020.04.14"]
[Round "1"]
[White "zabivol_mc"]
[Black "Berardino"]
[Result "1-0"]
[WhiteElo "2395"]
[BlackElo "2688"]
[TimeControl "180+1"]
[EndTime "10:07:31 PDT"]
[Termination "zabivol_mc won on time"]

1. Nf3 Nf6 2. g3 g6 3. Bg2 Bg7 4. d4 O-O 5. c4 c5 6. O-O cxd4 7.
Nxd4 Nc6 8. Nc3 Nxd4 9. Qxd4 d6 10. Qd3 Bf5 11. e4 Bd7 12. b3 a6 13. Be3 Rb8 14. Rac1 b5 15. cxb5 axb5 16. Rfd1 b4 17. Nd5 Nxd5 18.
Qxd5 Ra8 19. Qb7 Rxa2 20. Qxb4 Be6 21. Rd2 Rxd2 22. Bxd2 h5 23. Qb7 Bf6 24. b4 h4 25.
gxh4 Bxh4 26. b5 Qe8 27. Bh6 Qb8 28. Qxb8 Rxb8 29. Bf1 g5 30. f4 f6 31. fxg5 fxg5 32. Rc7 Kf7 33. Be2 Kf6 34. e5+ dxe5 35. Rc6 Kf7 36.
Bh5+ Kf6 37. Bg4 Rxb5 38. Rxe6+ Kf7 39. Rc6 Rb1+ 40. Kg2 Rb2+ 41. Kf3 Rf2+ 42. Ke3 1-0

[Event "*** Titled Tuesday Blitz"]
[Site "Chess.com"]
[Date "2020.04.14"]
[Round "1"]
[White "gmkomarov"]
[Black "kuli4ik"]
[Result "0-1"]
[WhiteElo "2406"]
[BlackElo "2779"]
[TimeControl "180+1"]
[EndTime "10:07:33 PDT"]
[Termination "kuli4ik won by resignation"]

1. d4 d5 2. c4 c6 3. Nf3 Nf6 4. e3 Bf5 5. Nc3 e6 6. Nh4 Be4 7. f3 Bg6 8. Qb3 Qc7 9. Bd2 a6 10. Rc1 dxc4 11. Bxc4 b5 12. Be2 Nbd7 13. Nxg6 hxg6 14. f4 c5 15. Bf3 Rc8 16. O-O Qb8 17. d5 c4 18. Qd1 exd5 19. Nxd5 Bc5 20. b3 cxb3 21. Qxb3 O-O 22. Kh1 Nxd5 23. Bxd5 Nf6 24. Bf3 Qb6 25. e4 Rfd8 26. Rcd1 Qe6 27. Qxe6 fxe6 28.
Ba5 Rxd1 29. Rxd1 Be3 30. g3 Rc2 31. e5 Nd5 32. Bxd5 exd5 33. Rxd5 Kf7 34. Rd7+ Ke6 35. Rxg7 Rxa2 36. Bd8 Kf5 37. h3 Bc5 38. Be7 Bd4 39.
Bd6 a5 40. g4+ Ke4 41. f5 Kf3 42. f6 Ra1+ 43. Kh2 Bg1+ 44. Kh1 Bf2+ 0-1

[Event "*** Titled Tuesday Blitz"]
[Site "Chess.com"]
[Date "2020.04.14"]
[Round "1"]
[White "sergeikim"]
[Black "LuckIsMySkill"]
[Result "0-1"]
[WhiteElo "2390"]
[BlackElo "2747"]
[TimeControl "180+1"]
[EndTime "10:07:33 PDT"]
[Termination "LuckIsMySkill won on time"]

1. d4 g6 2. c4 Bg7 3. Nc3 d6 4. e4 e5 5. d5 h6 6. h4 Nd7 7. h5 g5 8. Nge2 Ne7 9. Ng3 a5 10.
Be2 Nc5 11. Be3 O-O 12. Bxc5 dxc5 13. Bg4 b6 14. a4 f5 15. exf5 e4 16. O-O Bxc3 17.
bxc3 Bxf5 18. Bxf5 Nxf5 19. Nxe4 Nd6 20. Nxd6 Qxd6 21. Re1 Rae8 22. Qd3 Qf6 23. Qg3 Qf4 24. Rxe8 Rxe8 25. Qd3 Qe4 26. Qg3 Qf4 27. Qd3 Re4 28. Rd1 Kf8 29. g3 Qe5 30. Qf3+ Ke7 31. Qd3 g4 32.
Kg2 Kd6 33. Qd2 Qxh5 34. Rh1 Qf5 35. Rxh6+ Kd7 36. Rh8 Qf3+ 37. Kg1 Re2 38. Qf4 Re1+ 0-1

[Event "*** Titled Tuesday Blitz"]
[Site "Chess.com"]
[Date "2020.04.14"]
[Round "1"]
[White "lrestevez"]
[Black "kungmongmanh"]
[Result "0-1"]
[WhiteElo "2145"]
[BlackElo "2554"]
[TimeControl "180+1"]
[EndTime "10:07:33 PDT"]
[Termination "kungmongmanh won by resignation"]

1. e4 e6 2. d4 d5 3. Nc3 Nf6 4. Bg5 dxe4 5. Nxe4 Be7 6. Bxf6 gxf6 7. Nf3 f5 8. Nc3 a6 9. Bd3 b5 10. Qe2 Qd6 11. O-O-O Bb7 12. Rhe1 Nd7 13. d5 b4 14. dxe6 fxe6 15. Na4 Bd5 16. b3 O-O 17. Ne5 Nxe5 18.
Qxe5 Qxe5 19. Rxe5 Bf6 20. Ree1 a5 21. Kb1 Rad8 22.
Nb2 Bc3 23. Rf1 Bxb2 24. Kxb2 Kf7 25. f3 Kf6 26. Rfe1 Rg8 27. Rd2 Rg7 28. Rf2 Rdg8 29. g3 h5 30. f4 h4 31. gxh4 Rg4 32. Rfe2 Rxf4 33. Bb5 Rg7 34. Bc6 Be4 35. Bxe4 fxe4 36. Rxe4 Rxe4 37. Rxe4 Kf5 38. Rc4 e5 39. a3 bxa3+ 40.
Kxa3 e4 41. Kb2 Kf4 42. Kc3 Kf3 43. Kd2 e3+ 44. Kd3 Rd7+ 45. Kc3 e2 0-1

[Event "*** Titled Tuesday Blitz"]
[Site "Chess.com"]
[Date "2020.04.14"]
[Round "1"]
[White "ehrenfeld"]
[Black "jk13"]
[Result "1-0"]
[WhiteElo "2452"]
[BlackElo "2809"]
[TimeControl "180+1"]
[EndTime "10:07:34 PDT"]
[Termination "ehrenfeld won by resignation"]

1. e4 e5 2. Nc3 Nf6 3. f4 d5 4.
fxe5 Nxe4 5. Qf3 Nxc3 6. bxc3 Nc6 7. d4 Be6 8. Bd3 Be7 9. Ne2 Qd7 10. O-O O-O-O 11.
Nf4 Kb8 12. Nxe6 fxe6 13. Bd2 Na5 14. Qh3 c5 15. Rf7 Rdf8 16. Raf1 Nc6 17. Be3 cxd4 18. cxd4 Qc8 19. Rxf8 Rxf8 20. Rxf8 Bxf8 21. Qxh7 Nb4 22. a3 Qc3 23. Kf2 Nxd3+ 24. cxd3 Qxa3 25. Qg8 Qe7 26. Bg5 Qe8 27. Bd2 Qd8 28. Qxe6 a5 29. Bxa5 Qxa5 30.
Qe8+ Ka7 31. Qxf8 Qd2+ 32. Kg3 Qxd3+ 33. Kg4 Qxd4+ 34. Qf4 Qd1+ 35. Kg5 d4 36. e6 d3 37. e7 Qe2 38. Qd4+ Ka6 39. Qa4+ Kb6 40. e8=Q Qxg2+ 41.
Qg4 Qd2+ 42. Kg6 Qc2 43. Qee6+ Kb5 44. Qd5+ Kb6 45. Qgd4+ Ka6 46. Qxd3+ 1-0

[Event "*** Titled Tuesday Blitz"]
[Site "Chess.com"]
[Date "2020.04.14"]
[Round "1"]
[White "IMinTheWings"]
[Black "LuckSlayeer"]
[Result "0-1"]
[WhiteElo "2187"]
[BlackElo "2574"]
[TimeControl "180+1"]
[EndTime "10:07:34 PDT"]
[Termination "LuckSlayeer won on time"]

1. c4 Nf6 2. Nc3 e5 3. Nf3 Nc6 4. g3 Bb4 5. Bg2 O-O 6. O-O Bxc3 7. bxc3 d6 8. d3 Be6 9. Rb1 Rb8 10. h3 Qc8 11. Kh2 h6 12. Be3 b6 13. Qc1 Ne7 14.
Nh4 Nf5 15. Nxf5 Bxf5 16. g4 Be6 17. f4 exf4 18. Bxf4 Re8 19. Bxh6 Nh7 20. Be4 Qd8 21. Bf4 d5 22. cxd5 Bxd5 23. Bxh7+ Kxh7 24. e4 Bxa2 25.
Rb2 Be6 26. Qe3 a5 27. Qg3 Rc8 28. Rb5 c5 29. g5 Bd7 30. Rb2 b5 31. Rg1 Re6 32.
h4 Kg8 33. h5 b4 34. g6 fxg6 35. hxg6 Be8 36. Qh3 Rxg6 37. Rxg6 Bxg6 38. Rg2 Rc6 39. cxb4 cxb4 40. e5 Qxd3 41. Qh4 b3 42. Rd2 Rc2 0-1

[Event "*** Titled Tuesday Blitz"]
[Site "Chess.com"]
[Date "2020.04.14"]
[Round "1"]
[White "want2lose"]
[Black "KarstenHansch"]
[Result "1-0"]
[WhiteElo "2776"]
[BlackElo "2402"]
[TimeControl "180+1"]
[EndTime "10:07:35 PDT"]
[Termination "want2lose won by resignation"]

1. Nf3 c6 2. g3 g6 3. Bg2 Bg7 4. d4 Nf6 5. O-O O-O 6. c4 d5 7. cxd5 cxd5 8. Nc3 Nc6 9. Ne5 Bf5 10. Nxc6 bxc6 11.
Bf4 Ne4 12. Rc1 Rc8 13. b3 Nxc3 14. Rxc3 Qa5 15. Qd2 c5 16. Rxc5 Rxc5 17. dxc5 Qxc5 18.
Qxd5 Qxd5 19. Bxd5 Rc8 20. Bc4 Bd4 21. Rd1 e5 22. Bh6 Rd8 23. Kg2 Be4+ 24. f3 Bc6 25. Bg5 Rd7 26. Bf6 Kf8 27. b4 h5 28. b5 Bd5 29. Bxd5 Rxd5 30. e3 Rd6 31. exd4 Rxf6 32.
dxe5 Rb6 33. Rd5 a6 34. a4 axb5 35. axb5 Ke7 36. f4 Kf8 37. Kf3 Ke7 38. Ke4 Ke6 39. Rd6+ Rxd6 40. exd6 Kxd6 41. Kd4 f6 42. h4 Ke6 43.
Kc5 Kf5 44. b6 Kg4 45. b7 Kxg3 46. b8=Q Kxh4 47. Kd4 g5 48. fxg5 fxg5 49. Ke3 Kg4 50.
Qh2 1-0

[Event "*** Titled Tuesday Blitz"]
[Site "Chess.com"]
[Date "2020.04.14"]
[Round "1"]
[White "SantoBlue"]
[Black "MartinMatthiesen"]
[Result "1-0"]
[WhiteElo "2804"]
[BlackElo "2422"]
[TimeControl "180+1"]
[EndTime "10:07:36 PDT"]
[Termination "SantoBlue won by checkmate"]

1. e4 e5 2. Nf3 Nc6 3. Bb5 a6 4. Ba4 Nf6 5. O-O Be7 6. Bxc6 dxc6 7. d3 Nd7 8. b3 O-O 9. Bb2 f6 10. Nbd2 c5 11. h3 Nb8 12. Nh2 Nc6 13. Ng4 Nd4 14. Ne3 Be6 15. Ndc4 Qd7 16. Kh2 Rad8 17. f3 b6 18. Qe1 b5 19. Nd2 Nxc2 20. Nxc2 Qxd3 21. Ne3 Qxd2 22. Nd5 Qxb2 23. Nxe7+ Kh8 24. Rf2 Qa3 25. Rc2 c4 26. Nf5 cxb3 27. axb3 Qxb3 28. Rc3 Qb4 29. Nxg7 Bc4 30. Nf5 Rg8 31. Qh4 Rg6 32. Rc2 Rdg8 33. Rxa6 Qf8 34. g4 Qd8 35. Qf2 Qd3 36. Rd2 Qc3 37. Ne7 b4 38. Nxg6+ hxg6 39. Qh4+ Kg7 40.
Rd7+ Bf7 41. Qxf6+ Kh6 42. Qh4+ Kg7 43. Rxg6+ Kxg6 44. Qh5+ Kf6 45. Qf5+ Kg7 46. Rxf7+ Kh8 47. Rh7# 1-0

[Event "*** Titled Tuesday Blitz"]
[Site "Chess.com"]
[Date "2020.04.14"]
[Round "1"]
[White "vovkcoach"]
[Black "2nd_life"]
[Result "1-0"]
[WhiteElo "2769"]
[BlackElo "2399"]
[TimeControl "180+1"]
[EndTime "10:07:36 PDT"]
[Termination "vovkcoach won on time"]

1. e4 e5 2. Nf3 Nc6 3. Bb5 a6 4. Ba4 Nf6 5. d3 d6 6. c4 g6 7. Nc3 Bg7 8. h3 O-O 9. O-O Nd4 10.
Nxd4 exd4 11. Ne2 c5 12. Bg5 h6 13. Bh4 Rb8 14. b4 g5 15. Bg3 Nh5 16. Bh2 Be5 17. Nxd4 Nf4 18. Nf3 Bxa1 19. Qxa1 b5 20. cxb5 axb5 21.
Bb3 Nxd3 22. bxc5 Nxc5 23. e5 Bb7 24. Nd4 Nxb3 25. axb3 dxe5 26. Nf5 Kh7 27. Qxe5 f6 28. Qxb5 Qd5 29. Qxd5 Bxd5 30. Bxb8 Rxb8 31. Rd1 Bxb3 32. Rd7+ Kg6 33. g4 Bf7 34. Ne7+ Kg7 35. Nc6 Kg8 36.
Nxb8 1-0

[Event "*** Titled Tuesday Blitz"]
[Site "Chess.com"]
[Date "2020.04.14"]
[Round "1"]
[White "YQPerez"]
[Black "Pomegranate988"]
[Result "1-0"]
[WhiteElo "2984"]
[BlackElo "2499"]
[TimeControl "180+1"]
[EndTime "10:07:37 PDT"]
[Termination "YQPerez won by resignation"]

1. e4 c6 2. c4 d5 3. exd5 cxd5 4. cxd5 Nf6 5. Qa4+ Nbd7 6. Nc3 g6 7. Bc4 Bg7 8. d3 O-O 9. Nf3 a6 10. Qa3 b6 11. O-O Bb7 12. Re1 b5 13. Bb3 Rc8 14. Qxe7 Nc5 15. Bg5 Nxb3 16. axb3 Qb6 17. Be3 Qc7 18.
d6 Qxe7 19. dxe7 Rfe8 20. Bb6 Nd7 21. Bd8 Bxf3 22. gxf3 Ne5 23. Re3 Nc6 24. Rxa6 Nxd8 25. exd8=Q Rexd8 26. Nxb5 Bxb2 27. Nd6 Rc7 28. Nc4 Bd4 29. Re2 Rb7 30. Rd6 Rxd6 31. Nxd6 Rxb3 32. Rd2 Kg7 33. Nc4 h5 34. Kg2 Kf6 35. h3 Rc3 36. Ne3 Rb3 37. Kf1 Rb1+ 38. Kg2 Rb3 39. Nc2 Bc3 40. Re2 Rb7 41. d4 Rd7 42. Re4 Bb2 43. f4 Kf5 44. Kf3 Kf6 45. Ke2 Rc7 46.
Kd2 Bc3+ 47. Kd3 Bb2 48. Ne3 Rd7 49. d5 Ba3 50. Ra4 Bd6 51. Ke4 Re7+ 52. Kf3 Rd7 53.
Ra6 Ke7 54. Nc4 Bc7 55. Ke4 f5+ 56. Kd4 Bxf4 57. Rxg6 Rb7 58. Rg7+ 1-0

[Event "*** Titled Tuesday Blitz"]
[Site "Chess.com"]
[Date "2020.04.14"]
[Round "1"]
[White "amiralfio"]
[Black "CakeinSpace2002"]
[Result "1/2-1/2"]
[WhiteElo "2571"]
[BlackElo "2203"]
[TimeControl "180+1"]
[EndTime "10:07:37 PDT"]
[Termination "Game drawn by agreement"]

1. e4 e5 2. Nf3 Nc6 3. Bb5 a6 4. Ba4 Nf6 5. O-O b5 6. Bb3 Be7 7. a4 b4 8. a5 O-O 9. Re1 d6 10.
h3 Be6 11. Bxe6 fxe6 12. d4 exd4 13. Nxd4 Nxd4 14. Qxd4 c5 15. Qd3 d5 16. exd5 exd5 17. Bg5 Ra7 18. Nd2 Rd7 19. Rad1 c4 20. Qd4 Qxa5 21.
Nxc4 Qc5 22. Ne5 Qxd4 23. Rxd4 Rc7 24. Re2 Bc5 25. Rd3 Ne4 26. Be3 Bxe3 27. Rdxe3 Rfc8 28. Rd3 Rxc2 29. Rxc2 Rxc2 30. Rxd5 h6 31. b3 Nxf2 32.
Rd4 a5 33. Rd5 Ne4 34. Nc4 Nc3 35. Rxa5 Rc1+ 36. Kh2 Re1 37. Ra8+ Kh7 38. Rb8 Nd5 39. Rb5 Rd1 40. Nb6 Nxb6 41. Rxb6 Rd4 42. Rb7 1/2-1/2

[Event "*** Titled Tuesday Blitz"]
[Site "Chess.com"]
[Date "2020.04.14"]
[Round "1"]
[White "Mikhail_Biryukov"]
[Black "secretsuperstar7"]
[Result "1-0"]
[WhiteElo "2557"]
[BlackElo "2146"]
[TimeControl "180+1"]
[EndTime "10:07:37 PDT"]
[Termination "Mikhail_Biryukov won on time"]

1. e4 c5 2. Nf3 d6 3. c3 Nf6 4.
Be2 Bd7 5. d3 g6 6. O-O Bg7 7.
Nbd2 O-O 8. d4 cxd4 9. cxd4 Nc6 10. d5 Ne5 11. Nxe5 dxe5 12. Bf3 e6 13. Re1 Re8 14. dxe6 Bxe6 15. b3 Nd7 16. Bb2 Nc5 17. Nf1 Nd3 18. Re2 Nxb2 19. Rxb2 Qb6 20. Rc2 Rad8 21. Qe2 f5 22. Ne3 f4 23. Nc4 Qa6 24. Bg4 Rd4 25. Bxe6+ Qxe6 26. a4 Rf8 27. Rc3 a6 28. Rac1 b5 29.
axb5 axb5 30. Nd2 g5 31. Nf3 Rd6 32. Nxg5 Qg6 33. Nf3 Rfd8 34. h3 h5 35. Rc8 Kh7 36. Rxd8 Rxd8 37. h4 Bf6 38. Rc7+ Kh6 39. Rc5 Qg7 40. Rc6 Kh7 41. Qc2 Rg8 42. Rc7 Be7 43. Ng5+ Kh8 44. Qe2 Rd8 45. Qxh5+ Kg8 46. Rxe7 Rd1+ 47.
Qxd1 1-0